 Dungeon Crawl Stone Soup version 0.29-a0-962-gc8bbfd0a37 (webtiles) character file.

Game seed: 6733219083001809995

6118 quinnr the Zephyrmancer (level 10, -2/56 HPs)
             Began as a Tengu Air Elementalist on July 10, 2022.
             Was a Believer of Sif Muna.
             Killed from afar by a steam dragon (19 damage)
             ... with a ball of steam
             ... on level 7 of the Dungeon on July 30, 2022.
             The game lasted 00:26:14 (12618 turns).

quinnr the Zephyrmancer (Tengu Air Elementalist)   Turns: 12618, Time: 00:26:14

Health: -2/56      AC:  2    Str: 17    XL:     10   Next: 89%
Magic:  20/20      EV: 19    Int: 18    God:    Sif Muna [**....]
Gold:   488        SH:  0    Dex: 14    Spells: 14/21 levels left

rFire   . . .      SeeInvis .   J - staff of cold
rCold   + + .      Faith    .   (no shield)
rNeg    . . .      Spirit   .   o - +0 robe {Archmagi}
rPois   .          Reflect  .   (helmet restricted)
rElec   .          Harm     .   (no cloak)
rCorr   .          Rampage  .   (no gloves)
Will    .....      Archmagi +   (boots unavailable)
Stlth   ++........              c - amulet of the acrobat
HPRegen 0.18/turn               h - ring of protection from cold
MPRegen 0.17/turn               u - +6 ring of strength

@: flying quickly and evasively, quick
A: beak, talons 3, nimble flight
a: Renounce Religion, Channel Magic


You were on level 7 of the Dungeon.
You worshipped Sif Muna.
Sif Muna was pleased with you.
You visited 2 branches of the dungeon, and saw 9 of its levels.
You also visited: Bailey.

You collected 488 gold pieces.

Inventory:

Armour
 a - a +0 robe
 o - a +0 robe of the Archmagi (worn)
Magical Staves
 J - a staff of cold (weapon)
Jewellery
 c - an amulet of the acrobat (around neck)
 h - a ring of protection from cold (left hand)
 u - a +6 ring of strength (right hand)
 v - an amulet of regeneration
 D - an amulet of faith
 E - a +6 ring of intelligence
Wands
 x - a wand of flame (22)
 B - a wand of paralysis (6)
 F - a wand of light (3)
Scrolls
 e - 2 scrolls of enchant armour {unknown}
 f - 3 scrolls of immolation {unknown}
 g - 2 scrolls of fear {unknown}
 i - a scroll of poison {unknown}
 j - 4 scrolls of teleportation {unknown}
 m - 2 scrolls of blinking {unknown}
 p - a scroll of fog
 s - a scroll of amnesia {unknown}
 w - a scroll of torment {unknown}
 y - a scroll of silence {unknown}
 A - 3 scrolls of enchant weapon
 G - a scroll of summoning {unknown}
 K - a scroll of magic mapping {unknown}
Potions
 b - a potion of magic
 d - 3 potions of might
 k - 2 potions of mutation {unknown}
 l - 2 potions of haste
 n - 6 potions of flight
 q - 3 potions of lignification
 r - 2 potions of attraction
 t - a potion of berserk rage
 z - 2 potions of curing
 C - a potion of invisibility
 H - 3 potions of heal wounds {unknown}
 I - a potion of experience


   Skills:
 - Level 4.0 Fighting
 - Level 9.0 Dodging
 - Level 2.0 Stealth
 - Level 6.0 Spellcasting
 - Level 4.0 Conjurations
 - Level 14.5 Air Magic
 + Level 1.8 Invocations
 + Level 2.0 Evocations


You had 14 spell levels left.
You knew the following spells:

 Your Spells              Type           Power      Damage    Failure   Level
a - Shock                 Conj/Air       100%       1d9       1%          1
b - Static Discharge      Conj/Air       55%        3-10/arc  1%          2
c - Airstrike             Air            36%        0-12+     1%          4

Your spell library contained the following spells:

 Spells                   Type           Power      Damage    Failure   Level
 Swiftness                Air            72%        N/A       1%          3
 Beastly Appendage        Tmut           16%        N/A       12%         1
 Sandblast                Erth           16%        2d6       12%         1
 Stone Arrow              Conj/Erth      36%        3d9       16%         3
 Passwall                 Tmut/Erth      6%         N/A       19%         2
 Scorch                   Fire           16%        2d5       19%         2
 Sublimation of Blood     Necr           8%         N/A       19%         2
 Wereblood                Tmut           8%         N/A       19%         2
 Ozocubu's Armour         Ice            12%        N/A       34%         3
 Spider Form              Tmut/Pois      8%         N/A       34%         3
 Flame Wave               Conj/Fire      18%        2d7       45%         4
 Summon Cactus Giant      Summ           4%         N/A       100%        6
 Ozocubu's Refrigeration  Ice            6%         4d6       100%        7
 Summon Hydra             Summ           4%         N/A       100%        7


Dungeon Overview and Level Annotations

Branches:
Dungeon (8/15)             Temple (1/1) D:4          Bailey (visited)
   Lair: D:8-11

Altars:
Ashenzari
Cheibriados
Dithmenos
Elyvilon
Fedhas
Gozag
Hepliaklqana
Nemelex Xobeh
Okawaru
Qazlal
Ru
Sif Muna
Uskayaw
Wu Jian
Yredelemnul
Zin

Shops:
D:1 :


Innate Abilities, Weirdness & Mutations

You have a beak for a mouth.
You have claws for feet.
Your magical nature lets you fly swiftly and evasively.


Message History

Confirm with . or Enter, or press ? or * to list all spells.
Aiming: Airstrike (safe; 1% risk of failure)
Press: ? - help, Dir - move target, f/p - yak
Aim: a yak (heavily wounded, empty space bonus: 8/8)
You feel a surge of power!
The air twists around and strikes the yak!!
You kill the yak!
Sif Muna accepts your kill.
Your Evocations skill increases to level 2!
(D) Dungeon (T) Temple
Where to? (Enter - D:7, ? - help)
There is a stone staircase leading up, spattered with blood here.
You fly upwards.
There is a stone staircase leading down here.
A steam dragon is nearby!
You are too injured to fight recklessly!
Casting: Airstrike (safe; 1% risk of failure)
Confirm with . or Enter, or press ? or * to list all spells.
You can't see any susceptible monsters within range! (Use Z to cast anyway.) Unknown command.
The steam dragon hisses angrily.
Casting: Airstrike (safe; 1% risk of failure)
Confirm with . or Enter, or press ? or * to list all spells.
Aiming: Airstrike (safe; 1% risk of failure)
Press: ? - help, Dir - move target, f - steam dragon
Aim: a steam dragon (empty space bonus: 7/8)
You feel a surge of power!
The air twists around and strikes the steam dragon!!
The steam dragon is severely wounded.
The steam dragon breathes steam at you. The ball of steam hits you!
* * * LOW HITPOINT WARNING * * *
Unknown command.
Unknown command.
You fail to use your ability.
You feel better. Magic courses through your body.
The steam dragon breathes steam at you. The ball of steam hits you!!
You die...

#.#####.#####.# ........# #.#
##.####.#####.# .. #....##.# #..
##....##.# #..###.....##.#
#......_......# #.##.....###.>#
#....## #@.# #....# #§.#
####.####.§########### #
##.)....§..........# ..
#.#.......D...######.# ..#
.#.#####...#.# #.# #..
..#........#.######.##### #.#
###.#####.................
#.#######.####..D.#........#####


You could see a steam dragon (catching breath).

Vanquished Creatures
  An orc warlord (Bailey)
  A two-headed ogre (D:7)
  An orc knight (Bailey)
  A komodo dragon (D:8)
  Grinder (D:5)
  Sigmund (D:2)
  4 wyverns
  Eustachio (D:4)
  6 yaks (D:8)
  A water moccasin (D:7)
  Duvessa (D:6)
  3 orc warriors (Bailey)
  2 black bears (D:5)
  2 ogres (D:6)
  A phantom (D:5)
  3 bullfrogs
  2 necrophages
  2 scorpions
  Dowan (D:6)
  4 hounds
  5 orc priests
  An orc wizard (D:7)
  2 iguanas
  11 gnolls
  11 adders
  A shadow imp (D:6)
  2 dart slugs (D:1)
  22 orcs
  8 bats
  3 endoplasms
  4 giant cockroaches
  16 goblins
  10 hobgoblins
  3 jackals (D:1)
  19 kobolds
  3 quokkas
  6 ball pythons
  2 frilled lizards
  9 rats
177 creatures vanquished.

Vanquished Creatures (others)
  34 plants
34 creatures vanquished.

Grand Total: 211 creatures vanquished

Notes
Turn   | Place    | Note
-------+----------+-------------------------------------------
     0 | D:1      | quinnr the Tengu Air Elementalist began the quest for the
                  | Orb.
     0 | D:1      | Reached XP level 1. HP: 10/10 MP: 4/4
   184 | D:1      | Found Xiankot's Book Boutique.
   229 | D:1      | Reached XP level 2. HP: 15/15 MP: 3/6
   385 | D:1      | Reached skill level 5 in Air Magic
   839 | D:1      | Reached XP level 3. HP: 19/19 MP: 5/7
   940 | D:1      | Found a faded altar of an unknown god.
  1646 | D:2      | Reached skill level 6 in Air Magic
  2040 | D:2      | Noticed Sigmund
  2051 | D:2      | Learned a level 2 spell: Static Discharge
  2441 | D:2      | Reached XP level 4. HP: 24/24 MP: 3/8
  2511 | D:2      | Killed Sigmund
  2512 | D:2      | Reached skill level 8 in Air Magic
  2512 | D:2      | Gained mutation: Your magical nature lets you fly swiftly
                  | and evasively. [Tengu growth]
  2512 | D:2      | Reached XP level 5. HP: 14/28 MP: 1/9
  2995 | D:3      | Reached XP level 6. HP: 32/32 MP: 4/10
  3598 | D:4      | Found a staircase to the Ecumenical Temple.
  3605 | Temple   | Entered the Ecumenical Temple
  3756 | Temple   | Became a worshipper of Sif Muna the Loreminder
  3860 | D:3      | Learned a level 4 spell: Airstrike
  3895 | D:3      | Reached skill level 9 in Air Magic
  4147 | D:4      | Identified the +1 ring mail "Icwil" {+Blink rC- Str-5
                  | Int+7}
  4259 | D:4      | Reached skill level 10 in Air Magic
  4260 | D:4      | Reached XP level 7. HP: 34/36 MP: 4/11
  4558 | D:4      | Reached * piety under Sif Muna
  4577 | D:4      | Noticed Eustachio
  4596 | D:4      | Killed Eustachio
  4597 | D:4      | Reached skill level 11 in Air Magic
  4805 | D:4      | Found a basalt altar of Yredelemnul.
  4945 | D:5      | Entered Level 5 of the Dungeon
  5407 | D:5      | Found a shadowy altar of Dithmenos.
  5692 | D:5      | Reached skill level 12 in Air Magic
  5692 | D:5      | Reached XP level 8. HP: 41/41 MP: 4/12
  5997 | D:5      | Noticed Grinder
  6000 | D:5      | Killed Grinder
  6001 | D:5      | Reached skill level 13 in Air Magic
  6799 | D:6      | Reached skill level 14 in Air Magic
  6900 | D:6      | Found a white marble altar of Elyvilon.
  6905 | D:6      | Noticed Duvessa
  6936 | D:6      | Killed Duvessa
  6977 | D:6      | Noticed Dowan
  6980 | D:6      | Killed Dowan
  7015 | D:6      | HP: 2/41 [orc priest/+0 hand axe (4)]
  7426 | D:6      | Reached XP level 9. HP: 46/46 MP: 3/13
  7551 | D:6      | Found an ornate altar of the Wu Jian Council.
  7649 | D:6      | Reached skill level 1 in Fighting
  8178 | D:7      | Found a stormy altar of Qazlal.
  8693 | D:6      | Upgraded the game from 0.29-a0-824-gd827844252 to
                  | 0.29-a0-962-gc8bbfd0a37
  8718 | D:6      | Reached ** piety under Sif Muna
  9700 | D:7      | Found a broken altar of Ashenzari.
  9726 | D:8      | Noticed a two-headed ogre
  9742 | D:7      | Killed a two-headed ogre
  9842 | D:8      | Identified the +10 ring mail of Forking Paths {Harm rC+
                  | Stlth+}
  9879 | D:8      | Reached skill level 5 in Spellcasting
 10069 | D:8      | Found a flagged portal.
 10091 | Bailey   | Entered a bailey
 10487 | Bailey   | Noticed an orc warlord
 10693 | Bailey   | Reached XP level 10. HP: 48/56 MP: 6/19
 10915 | Bailey   | Found a runed translucent gate.
 10916 | Bailey   | Found a runed translucent gate.
 10917 | Bailey   | Found a runed translucent gate.
 10924 | Bailey   | Noticed an orc knight
 11039 | Bailey   | Killed an orc knight
 11040 | Bailey   | Reached skill level 5 in Dodging
 12115 | Bailey   | Killed an orc warlord
 12541 | D:8      | Reached skill level 1 in Invocations
 12541 | D:8      | Reached skill level 1 in Evocations
 12618 | D:7      | Killed from afar by a steam dragon

Illustrated notes

Levels and vault maps discovered:
D:1:      lightli_arrival_noodles, layout_basic,
          shapermc_ecumenical_altar_acropolis, serial_shops,
          nicolae_shop_window_shopping
D:2:      layout_basic, uniq_sigmund
D:3:      layout_loops_ring, minmay_misc_feat_tower
D:4:      layout_rooms, mainiacjoe_overflow_catwalk, minmay_temple_entry_trees,
          minmay_joined_circles, uniq_eustachio
D:5:      layout_basic, nicolae_dithmenos_shadow_blocks, uniq_grinder
D:6:      layout_loops_ring, kennysheep_mini_moat, nicolae_wu_jian_wuxing_cycle,
          eino_small_chamber_without_monster, uniq_duvessa
D:7:      layout_loops_ring, grunt_qazlal_sundering,
          nicolae_overflow_crystal_walls, minitemple
D:8:      layout_gridville, david_lair_shrubbed, enter_bailey_4
Temple:   hellmonk_temple_flake

Skill      XL: |  1  2  3  4  5  6  7  8  9 10 |
---------------+-------------------------------+-----
Air Magic      | 5 6 8 10 12 14 | 14.5
Conjurations   | 4 |  4.0
Fighting       | 4 |  4.0
Dodging        | 4 9 |  9.0
Spellcasting   | 5 6 |  6.0
Invocations    | 1 |  1.8
Evocations     | 2 |  2.0
Stealth        | |  2.0

Action                   |  1- 3 |  4- 6 |  7- 9 | 10-12 || total
-------------------------+-------+-------+-------+-------++-------
Melee: Unarmed           |    13 |       |    13 |     7 ||    33
       Kick              |     5 |       |     4 |     2 ||    11
       Peck              |     2 |       |     4 |     2 ||     8
       Staff             |       |       |       |     2 ||     2
       Punch             |       |       |       |     1 ||     1
 Cast: Shock             |    83 |    64 |   132 |    58 ||   337
       Static Discharge  |     2 |     1 |     9 |     7 ||    19
       Airstrike         |       |     1 |    49 |    40 ||    90
Evoke: Wand              |       |       |     2 |     2 ||     4
  Use: Potion            |       |       |     2 |     2 ||     4
       Scroll            |       |       |    10 |       ||    10
Armor: Robe              |     8 |     2 |     9 |     2 ||    21
Dodge: Dodged            |    23 |    16 |    53 |    27 ||   119

Table legend: (Time is in decaauts)
 A = Elapsed time spent in this place.
 B = Non-inter-level travel time spent in this place.
 C = Inter-level travel time spent in this place.
 D = Time resting spent in this place.
 E = Time spent auto-exploring this place.
 F = Levels seen in this place.
 G = Mean time per level.
                   A        B        C        D        E       F      G
               +--------+--------+--------+--------+--------+-----+--------+
         Total |  12245 |  11996 |    249 |   3524 |   6904 |  10 | 1224.5 |
       Dungeon |   9945 |   9714 |    231 |   2123 |   6397 |   8 | 1243.1 |
        Temple |    145 |    127 |     18 |      0 |    116 |   1 |  145.0 |
        Bailey |   2154 |   2154 |      0 |   1400 |    391 |   1 | 2154.0 |
               +--------+--------+--------+--------+--------+-----+--------+

Top non-repeatable levels by time:
     D:6: 2308 daAuts
  Bailey: 2154 daAuts
     D:1: 1484 daAuts
     D:5: 1444 daAuts
     D:2: 1316 daAuts
     D:4: 1050 daAuts
     D:3: 971 daAuts
     D:7: 819 daAuts
     D:8: 551 daAuts
  Temple: 145 daAuts
